 Dungeon Crawl Stone Soup version 0.21-a0-186-g02e8684 (webtiles) character file.

228602 Helio the Imperceptible (level 19, -11/100 HPs)
             Began as a Spriggan Enchanter on Aug 13, 2017.
             Was the Champion of Dithmenos.
             Mangled by a kraken (38 damage)
             ... on level 1 of the Shoals.
             The game lasted 02:03:21 (50169 turns).

Helio the Imperceptible (Spriggan Enchanter)       Turns: 50169, Time: 02:03:22

Health: -11/100    AC:  9    Str: 16    XL:     19   Next: 7%
Magic:  11/40      EV: 37    Int: 18    God:    Dithmenos [******]
Gold:   1886       SH:  4    Dex: 20    Spells: 22/50 levels left

rFire    + . .     SeeInvis +   O - +3 dagger (elec)
rCold    . . .     Gourm    .   (shield restricted)
rNeg     . . .     Faith    .   r - +2 robe {rF+}
rPois    +         Spirit   .   K - +2 hat
rElec    .         Reflect  +   Q - +2 cloak {rPois}
rCorr    .         Harm     .   (gloves unavailable)
MR       +++..                  (boots unavailable)
Stlth    +++++++++.             c - +4 amulet of reflection
HPRegen  0.26/turn              n - +2 ring of evasion
MPRegen  0.27/turn              C - +5 ring of strength

@: very slightly contaminated, wreathed by umbra, invisible, slow
A: unfitting armour, antennae 1, thin skeletal structure 1, see invisible,
herbivore 3, speed 3, slow metabolism 2, strong 1
a: Shadow Step, Shadow Form, Renounce Religion


You were on level 1 of the Shoals.
You worshipped Dithmenos.
Dithmenos was exalted by your worship.
You were not hungry.

You visited 8 branches of the dungeon, and saw 30 of its levels.
You also visited: Sewer, Bailey, Ice Cave and Volcano.

You collected 3106 gold pieces.
You spent 1220 gold pieces at shops.

Inventory:

Hand Weapons
 b - a +2 short sword of distortion
 O - a +3 dagger of electrocution (weapon)
 S - the +8 dagger of Ru's Pride {vamp, rElec rN+ Int+5}
   (You acquired it in a bailey)

   It inflicts no extra harm, but heals its wielder when it wounds a living foe.
   It affects your intelligence (+5).
   It insulates you from electricity.
   It protects you from negative energy.
Missiles
 B - 10 throwing nets (quivered)
Armour
 r - a +2 robe of fire resistance (worn)
 I - a +1 robe of cold resistance
 K - a +2 hat (worn)
 Q - a +2 cloak of poison resistance (worn)
Jewellery
 c - a +4 amulet of reflection (around neck)
 n - a +2 ring of evasion (left hand)
 w - an uncursed ring of poison resistance
 C - a +5 ring of strength (right hand)
 Z - a cursed amulet of inaccuracy {unknown}
Wands
 i - a wand of confusion (17/48)
 o - a wand of iceblast (9/15)
 J - a wand of acid (10/15)
 X - a wand of confusion (35/48)
Scrolls
 a - 4 scrolls of brand weapon
 l - a scroll of magic mapping
 p - 6 scrolls of remove curse
 s - 15 scrolls of teleportation
 u - a scroll of enchant armour
 F - 6 scrolls of recharging
 R - 4 scrolls of fog
 T - 4 scrolls of blinking
 W - 3 scrolls of identify
Potions
 e - a potion of mutation
 g - 14 potions of curing
 h - 3 potions of brilliance
 j - 3 potions of resistance
 t - 2 potions of haste
 x - 2 potions of agility
 z - 4 potions of magic
 D - 6 potions of lignification
 E - a potion of heal wounds
 M - 4 potions of berserk rage
 N - a potion of ambrosia
 V - a potion of might
Books
 f - a book of Air

   Spells                             Type                      Level
   a - Shock                          Conjuration/Air              1
   b - Swiftness                      Charms/Air                   2
   c - Static Discharge               Conjuration/Air              3
   d - Airstrike                      Air                          4
   e - Lightning Bolt                 Conjuration/Air              5
 q - a book of Callings

   Spells                             Type                      Level
   a - Summon Small Mammal            Summoning                    1
   b - Call Imp                       Summoning                    2
   c - Call Canine Familiar           Summoning                    3
   d - Summon Guardian Golem          Hexes/Summoning              3
   e - Summon Lightning Spire         Summoning/Air                4
   f - Summon Ice Beast               Ice/Summoning                4
 v - a book of Cantrips

   Spells                             Type                      Level
   a - Confusing Touch                Hexes                        1
   b - Animate Skeleton               Necromancy                   1
   c - Summon Small Mammal            Summoning                    1
   d - Apportation                    Translocation                1
 y - Imma's Handbook of Beguiling
   (You bought it in a shop on level 8 of the Dungeon)

   Spells                             Type                      Level
   a - Dazzling Spray                 Conjuration/Hexes            3
   b - Spectral Weapon                Hexes/Charms                 3
   c - Silence                        Hexes/Air                    5
   d - Invisibility                   Hexes                        6
 A - a book of Battle

   Spells                             Type                      Level
   a - Infusion                       Charms                       1
   b - Shroud of Golubria             Charms/Translocation         2
   c - Song of Slaying                Charms                       2
   d - Spectral Weapon                Hexes/Charms                 3
   e - Regeneration                   Charms/Necromancy            3
 G - a book of Fire

   Spells                             Type                      Level
   a - Ignite Poison                  Fire/Transmutation/Poison    3
   b - Fireball                       Conjuration/Fire             5
   c - Bolt of Fire                   Conjuration/Fire             6
   d - Ring of Flames                 Charms/Fire                  7
   e - Ignition                       Fire                         8
   Dithmenos disapproves of the use of such an item.
 H - the Almanac of Dark Arts
   (You found it on level 1 of the Elven Halls)

   Spells                             Type                      Level
   a - Animate Skeleton               Necromancy                   1
   b - Sublimation of Blood           Necromancy                   2
   c - Vampiric Draining              Necromancy                   3
   d - Control Undead                 Necromancy                   4
   e - Simulacrum                     Ice/Necromancy               6
 L - a book of Flames

   Spells                             Type                      Level
   a - Flame Tongue                   Conjuration/Fire             1
   b - Throw Flame                    Conjuration/Fire             2
   c - Conjure Flame                  Conjuration/Fire             3
   d - Inner Flame                    Hexes/Fire                   3
   e - Sticky Flame                   Conjuration/Fire             4
   f - Fireball                       Conjuration/Fire             5
   Dithmenos disapproves of the use of such an item.
 P - Roxanne's Guide on Transmutation
   (You took it off Roxanne on level 14 of the Dungeon)

   Spells                             Type                      Level
   a - Passwall                       Transmutation/Earth          2
   b - Sticks to Snakes               Transmutation                2
   c - Petrify                        Transmutation/Earth          4
   d - Irradiate                      Conjuration/Transmutation    5
   e - Statue Form                    Transmutation/Earth          6
 U - a book of Minor Magic

   Spells                             Type                      Level
   a - Magic Dart                     Conjuration                  1
   b - Blink                          Translocation                2
   c - Call Imp                       Summoning                    2
   d - Slow                           Hexes                        2
   e - Conjure Flame                  Conjuration/Fire             3
   f - Mephitic Cloud                 Conjuration/Poison/Air       3
 Y - a book of Annihilations

   Spells                             Type                      Level
   a - Poison Arrow                   Conjuration/Poison           6
   b - Chain Lightning                Conjuration/Air              8
   c - Lehudib's Crystal Spear        Conjuration/Earth            8
   d - Glaciate                       Conjuration/Ice              9
   e - Fire Storm                     Conjuration/Fire             9
Comestibles
 d - 13 bread rations
 k - 4 royal jellies


   Skills:
 + Level 11.1 Fighting
 - Level 14.0 Short Blades
 + Level 18.4 Dodging
 + Level 22.4 Stealth
 + Level 16.1 Spellcasting
 + Level 18.3 Hexes


You had 22 spell levels left.
You knew the following spells:

 Your Spells              Type           Power        Failure   Level  Hunger
a - Ensorcelled Hibernat  Hex/Ice        #####.       1%          2    None
b - Corona                Hex            ######.      0%          1    None
c - Confuse               Hex            ######..     0%          3    None
d - Tukima's Dance        Hex            ######..     0%          3    None
e - Dazzling Spray        Conj/Hex       #####.       1%          3    None
f - Spectral Weapon       Hex/Chrm       #####...     1%          3    None
g - Silence               Hex/Air        #####.....   2%          5    ###....
h - Invisibility          Hex            ######..     1%          6    #####..
i - Passwall              Tmut/Erth      ##........   6%          2    None


Dungeon Overview and Level Annotations

Branches:
Dungeon (15/15)            Temple (1/1) D:7            Lair (6/6) D:8
 Shoals (1/4) Lair:3        Snake (2/4) Lair:3        Slime (0/5) Lair:6
    Orc (2/2) D:9             Elf (1/3) Orc:2        Vaults (0/5) D:14
 Depths (2/5) D:15

Altars:
Ashenzari
Cheibriados
Dithmenos
Elyvilon
Fedhas
Gozag
Hepliaklqana
Kikubaaqudgha
Makhleb
Nemelex Xobeh
Okawaru
Qazlal
Ru
Sif Muna
Trog
Uskayaw
Vehumet
Wu Jian
Xom
Yredelemnul
Zin
The Shining One
Jiyva

Shops:
D:8 :   D:11 (   D:12 *   Orc:2 (*:=[   Snake:1 (

Portals:
Hell: Depths:1


Innate Abilities, Weirdness & Mutations

You are very small and have problems with some larger weapons.
You are too small for most types of armour.
You have supernaturally acute eyesight. (SInv)
You are a herbivore.
You cover ground extremely quickly.
You need consume almost no food.
You have a pair of small antennae on your head.
You have a somewhat thin skeletal structure. (Dex +2, Stealth)
Your muscles are strong. (Str +2)


Message History

Casting: Dazzling Spray
Confirm with . or Enter, or press ? or * to list all spells.
Aiming: Dazzling Spray
Press: ? - help, Shift-Dir - straight line, f/p - kraken
Aim: a kraken (water, heavily wounded, umbra)
The spray of energy hits the kraken.
The kraken is heavily wounded.
Casting: Dazzling Spray
Confirm with . or Enter, or press ? or * to list all spells.
Aiming: Dazzling Spray
Press: ? - help, Shift-Dir - straight line, f/p - kraken
Aim: a kraken (water, heavily wounded, umbra)
The spray of energy hits the kraken.
The kraken is heavily wounded.
The kraken is dazzled.
The kraken is no longer blind.
The kraken bites you!!
* * * LOW HITPOINT WARNING * * *
You emit a cloud of dark smoke.
You feel much better. The kraken bites you!!!
You die...

≈≈≈≈≈≈≈≈......≈≈≈≈.##
≈≈≈≈≈≈..###...≈≈≈### ≈
≈≈≈≈P≈≈.###.≈≈≈≈.# .≈≈
≈≈≈≈≈≈≈....≈≈≈≈≈.# ###..≈≈
≈≈≈P≈≈.§...≈≈≈≈≈.###...≈≈≈≈
≈≈≈≈..≈§§..≈≈≈≈≈≈....≈≈≈≈≈≈
P≈≈...≈§§..≈≈≈§§§§§≈≈≈≈≈≈≈≈
.≈.....§§..≈≈≈§§§§§≈≈≈≈≈≈≈≈
.###...§##..≈≈§§@§§≈≈≈≈≈≈≈≈
..##....##..≈≈§§X≈≈≈≈≈≈≈≈≈≈
≈≈...≈≈≈..≈≈≈≈§§§≈≈≈≈≈≈≈≈≈≈
≈≈≈≈≈≈≈≈≈≈≈≈≈≈≈≈≈≈≈≈≈≈≈≈≈≈≈
)≈≈≈≈≈≈≈≈≈≈≈≈≈≈≈≈≈≈≈≈≈≈≈≈≈≈
≈≈≈≈≈≈≈≈≈≈≈≈≈≈≈≈≈≈≈≈≈≈≈≈
≈≈≈≈≈≈≈≈≈≈≈≈≈≈≈≈≈≈≈≈≈≈≈≈
########################


You could see a kraken.

Vanquished Creatures
  Rupert (D:12)
  Asterion (Snake:1)
  Kirke (Lair:5)
  A tengu reaver (Depths:1)
  Roxanne (D:14)
  3 nagarajas (Snake:2)
  2 frost giants (Depths:1)
  2 deep elf sorcerers (Elf:1)
  2 orc warlords
  2 fire giants (Depths:1)
  A caustic shrike zombie (D:15)
  Aizul (Snake:2)
  A stone giant (Depths:1)
  The ghost of Jarno the Spear-Bearer, a journeyman MfSu of Ashenzari (Lair:6)
  9 very ugly things
  Nessos (D:12)
  Azrael (Snake:1)
  The ghost of WhatIsLove the Arsonist, a journeyman DEFE of Sif Muna (Lair:6)
  2 ettins (Depths:1)
  A deep elf death mage (Elf:1)
  3 fire dragons
  A merfolk impaler (Shoals:1)
  2 blizzard demons (IceCv)
  Harold (D:11)
  Josephine (D:11)
  2 great orbs of eyes (Depths:1)
  8 hydras
  A rakshasa (Depths:1)
  7 naga warriors
  The ghost of temujin the Thaumaturge, a journeyman DEFE of Vehumet (D:12)
  An alligator snapping turtle (Shoals:1)
  A merfolk aquamancer (Shoals:1)
  13 two-headed ogres
  8 anacondas
  The ghost of dafubar the Fighter, a novice MiBe of Trog (Bailey)
  3 ogre magi
  6 dancing weapons (Elf:1)
  A merfolk avatar (Shoals:1)
  7 centaur warriors
  2 tengu warriors
  2 deep troll earth magi (Depths:1)
  2 deep troll shamans (Depths:1)
  6 death yaks
  2 vampire magi (Depths:1)
  6 orc high priests
  4 naga sharpshooters (Snake:1)
  Urug (Lair:5)
  9 deep elf knights (Elf:1)
  2 skeletal warriors (D:15)
  3 shock serpents (Snake:2)
  A fire crab (shapeshifter) (D:15)
  Sonja (D:15)
  2 iron trolls
  4 sea snakes (Shoals:1)
  4 unseen horrors
  A swamp dragon (Lair:6)
  2 naga ritualists
  A flayed ghost (D:15)
  10 deep trolls (Depths:1)
  6 orc knights
  10 deep elf archers (Elf:1)
  Pikel (D:7)
  8 necromancers
  The ghost of temujin the Thaumaturge, a novice DEFE of Sif Muna (Bailey)
  2 wizards (Depths:1)
  A lindwurm (Lair:6)
  A mana viper (shapeshifter) (D:14)
  6 mana vipers
  2 orc sorcerers
  An oklob plant (Lair:2)
  27 deep elf magi
  A fire giant zombie (Depths:1)
  23 ugly things
  4 cyclopes
  4 merfolk sirens
  6 salamanders
  5 manticores (Shoals:1)
  2 spriggan zombies (D:15)
  4 fauns (Shoals:1)
  4 ice statues (IceCv)
  A water nymph (Shoals:1)
  A guardian serpent (Snake:2)
  5 naga magi
  A frost giant skeleton (Depths:1)
  A fire giant skeleton (Depths:1)
  A guardian serpent (shapeshifter) (Depths:1)
  Maurice (D:9)
  A rust devil (Depths:1)
  16 black mambas
  Psyche (D:8)
  A spiny frog (shapeshifter) (D:14)
  14 spiny frogs
  A gargoyle (D:13)
  A torpor snail (Lair:1)
  A rime drake (shapeshifter) (Depths:1)
  A redback zombie (D:14)
  3 rime drakes
  A komodo dragon (shapeshifter) (D:14)
  3 komodo dragons
  A yaktaur (Depths:1)
  3 efreet
  2 golden dragon simulacra (IceCv)
  13 ice devils (IceCv)
  3 anaconda simulacra (IceCv)
  A tengu conjurer (Depths:1)
  A hornet (D:11)
  7 merfolk (Shoals:1)
  5 trolls
  A troll (shapeshifter) (Depths:1)
  A queen bee (D:12)
  3 meliai (D:12)
  3 wind drakes (Shoals:1)
  13 blink frogs
  17 hippogriffs
  18 slime creatures
  8 dream sheep (Lair:5)
  A large abomination (Elf:1)
  2 snapping turtles (Shoals:1)
  A meliai zombie (D:11)
  4 wraiths
  An air elemental (Elf:1)
  A shadow (D:14)
  8 water elementals
  A deep troll skeleton (Depths:1)
  39 yaks
  2 vampires
  4 wyverns
  5 fire elementals
  A hog (shapeshifter) (Elf:1)
  3 hungry ghosts
  Grum (D:11)
  6 hogs (Lair:5)
  A basilisk (shapeshifter) (Depths:1)
  6 vampire mosquitoes (D:13)
  4 basilisks
  3 steam dragons (Lair:6)
  Edmund (D:4)
  2 iron troll simulacra (IceCv)
  4 wargs
  14 nagas
  3 acid dragons (Lair:6)
  5 hell hounds
  A floating eye (shapeshifter) (Depths:1)
  9 water moccasins
  2 hydra simulacra (IceCv)
  10 porcupines
  3 ice beasts
  3 sky beasts
  42 orc warriors
  2 necrophages
  An ettin simulacrum (IceCv)
  18 ogres
  20 wolves
  10 centaurs
  15 crocodiles
  3 big kobolds
  20 bullfrogs
  2 yaktaur zombies
  2 wyvern zombies (D:7)
  2 scorpions
  21 killer bees (D:12)
  8 wights (D:8)
  2 howler monkeys
  6 crimson imps
  8 hounds
  8 centaur zombies
  3 jellies
  3 centaur skeletons
  2 quasits
  Crazy Yiuf (D:7)
  14 orc priests
  Jessica (D:2)
  3 bullfrog skeletons
  4 hell rats (Lair:4)
  6 iguanas
  19 orc wizards
  Ijyb (D:5)
  12 worker ants
  A killer bee zombie (D:9)
  3 worker ant zombies
  19 adders
  20 gnolls
  4 river rats
  2 shadow imps (D:15)
  3 oozes
  2 adder skeletons
  6 worms
  A dart slug (D:5)
  8 leopard geckos
  70 orcs
  3 ball pythons
  5 giant cockroaches
  24 goblins
  29 hobgoblins
  6 jackals
  3 quokkas
  5 bats
  7 frilled lizards
  13 kobolds
  17 rats
1103 creatures vanquished.

Vanquished Creatures (collateral kills)
  A naga mage (Snake:1)
  A troll (Orc:2)
  2 orc wizards
  A gnoll (D:3)
  2 orcs
  A giant cockroach zombie (D:6)
8 creatures vanquished.

Vanquished Creatures (others)
  8 dancing weapons
  A porcupine (Lair:5)
  A slave (D:7)
  A centaur (D:15)
  An orc (Orc:2)
  8 fungi
  5 plants (Lair:6)
  A spectral weapon (Snake:2)
  26 tentacles (Shoals:1)
52 creatures vanquished.

Grand Total: 1163 creatures vanquished

Notes
Turn   | Place    | Note
-------+----------+-------------------------------------------
     0 | D:1      | Helio the Spriggan Enchanter began the quest for the Orb.
     0 | D:1      | Reached XP level 1. HP: 9/9 MP: 5/5
   541 | D:1      | Reached XP level 2. HP: 13/13 MP: 7/7
   545 | D:1      | Learned a level 2 spell: Ensorcelled Hibernation
  1292 | D:2      | Noticed Jessica
  1321 | D:2      | Killed Jessica
  1321 | D:2      | Reached XP level 3. HP: 16/16 MP: 5/9
  1480 | D:2      | Found a stormy altar of Qazlal.
  1909 | D:2      | Learned a level 3 spell: Confuse
  1913 | D:2      | Learned a level 3 spell: Tukima's Dance
  1966 | D:2      | Reached XP level 4. HP: 18/21 MP: 3/11
  2124 | D:2      | Found a burning altar of Makhleb.
  2126 | D:2      | Found a glowing silver altar of Zin.
  2126 | D:2      | Noticed an angel
  2127 | D:2      | Noticed a green death
  2318 | D:2      | Reached skill level 5 in Hexes
  3203 | D:3      | Learned a level 3 spell: Dazzling Spray
  3268 | D:3      | Reached XP level 5. HP: 18/24 MP: 3/13
  3400 | D:3      | Reached skill level 6 in Stealth
  3727 | D:3      | Found a deep blue altar of Sif Muna.
  3732 | D:3      | Found a sacrificial altar of Ru.
  3956 | D:3      | Found a blossoming altar of Fedhas.
  4057 | D:4      | Reached skill level 7 in Stealth
  4057 | D:4      | Reached XP level 6. HP: 21/28 MP: 9/14
  4218 | D:4      | Reached skill level 8 in Stealth
  4382 | D:4      | Reached skill level 9 in Stealth
  4540 | D:4      | Found a stormy altar of Qazlal.
  4542 | D:4      | Found a basalt altar of Yredelemnul.
  4544 | D:4      | Noticed Edmund
  4563 | D:4      | Killed Edmund
  4563 | D:4      | Reached skill level 10 in Stealth
  4563 | D:4      | Reached XP level 7. HP: 24/32 MP: 4/15
  5044 | D:5      | Entered Level 5 of the Dungeon
  5046 | D:5      | Found a sacrificial altar of Ru.
  5055 | D:5      | Reached skill level 11 in Stealth
  5230 | D:5      | Found a sparkling altar of Nemelex Xobeh.
  5481 | D:5      | Reached skill level 12 in Stealth
  5488 | D:5      | Found an ornate altar of the Wu Jian Council.
  5541 | D:5      | Found a glowing drain.
  5548 | Sewer    | Entered a sewer
  5655 | Sewer    | Reached XP level 8. HP: 18/36 MP: 12/16
  6419 | Sewer    | Reached skill level 13 in Stealth
  6847 | D:5      | Noticed Ijyb
  6855 | D:5      | Killed Ijyb
  7060 | D:6      | Reached skill level 14 in Stealth
  7315 | D:6      | Reached skill level 5 in Spellcasting
  7566 | D:6      | Reached skill level 1 in Fighting
  8400 | D:7      | Reached XP level 9. HP: 42/42 MP: 18/18
  8479 | D:7      | Noticed Pikel
  8507 | D:7      | Killed Pikel
  8507 | D:7      | Reached skill level 5 in Dodging
  8545 | D:7      | Found a staircase to the Ecumenical Temple.
  8553 | Temple   | Entered the Ecumenical Temple
  8566 | Temple   | Became a worshipper of Dithmenos the Shadowed
  9186 | D:7      | Found a runed door.
  9191 | D:7      | Noticed Crazy Yiuf
  9196 | D:7      | Killed Crazy Yiuf
  9657 | D:8      | Noticed a two-headed ogre
  9791 | D:8      | Killed a two-headed ogre
  9791 | D:8      | Reached skill level 15 in Stealth
  9848 | D:8      | Noticed Psyche
  9864 | D:8      | Killed Psyche
  9864 | D:8      | Reached XP level 10. HP: 49/49 MP: 18/21
  9878 | D:8      | Reached * piety under Dithmenos
 10387 | D:8      | Found Ozesm's Book Boutique.
 10446 | D:8      | Noticed a two-headed ogre
 10501 | D:8      | Killed a two-headed ogre
 10501 | D:8      | Reached skill level 5 in Short Blades
 11398 | D:8      | Found a staircase to the Lair.
 11613 | D:9      | Reached ** piety under Dithmenos
 11614 | D:9      | Noticed Maurice
 11642 | D:9      | Found a staircase to the Orcish Mines.
 11710 | D:9      | Killed Maurice
 12084 | D:10     | Entered Level 10 of the Dungeon
 12176 | D:10     | Reached skill level 16 in Stealth
 12186 | D:10     | Reached XP level 11. HP: 54/54 MP: 24/24
 12796 | Orc:1    | Entered Level 1 of the Orcish Mines
 13390 | Orc:1    | You fall through a shaft!
 13390 | Orc:2    | Entered Level 2 of the Orcish Mines
 13390 | Orc:2    | Found Gaopn's General Store.
 13390 | Orc:2    | Noticed an orc warlord
 13390 | Orc:2    | Noticed an orc knight
 13390 | Orc:2    | Noticed an orc knight
 13390 | Orc:2    | Noticed an orc high priest
 13392 | Orc:2    | Noticed a sun demon
 13394 | Orc:2    | Noticed a sun demon
 13529 | Orc:2    | Noticed an orc sorcerer
 13530 | Orc:2    | Noticed an orc high priest
 13530 | Orc:2    | Noticed an orc high priest
 13530 | Orc:2    | Found Zuocuck's Jewellery Boutique.
 13530 | Orc:2    | Noticed an orc high priest
 13530 | Orc:2    | Noticed an orc high priest
 13618 | D:8      | Bought Imma's Handbook of Beguiling for 645 gold pieces
 13625 | D:8      | Learned a level 6 spell: Invisibility
 13629 | D:8      | Learned a level 3 spell: Spectral Weapon
 13635 | D:8      | Learned a level 5 spell: Silence
 13656 | D:8      | Reached *** piety under Dithmenos
 13995 | D:11     | Noticed an unseen horror
 14014 | D:11     | Killed an unseen horror
 14182 | D:11     | Found Beletz's Weapon Shop.
 14428 | D:11     | Noticed an ogre mage
 14432 | D:11     | Noticed a two-headed ogre
 14438 | D:11     | Noticed a two-headed ogre
 14439 | D:11     | Noticed a two-headed ogre
 14441 | D:11     | Killed an ogre mage
 14441 | D:11     | Reached skill level 10 in Hexes
 14444 | D:11     | Noticed an unseen horror
 14445 | D:11     | Killed a two-headed ogre
 14466 | D:11     | Killed an unseen horror
 14483 | D:11     | Killed a two-headed ogre
 14504 | D:11     | Killed a two-headed ogre
 15086 | D:11     | Reached skill level 5 in Fighting
 15319 | D:11     | Reached **** piety under Dithmenos
 15375 | D:11     | Noticed Harold
 15378 | D:11     | Killed Harold
 15378 | D:11     | Reached XP level 12. HP: 60/60 MP: 25/25
 15399 | D:11     | Noticed Grum
 15419 | D:11     | Killed Grum
 15584 | D:11     | Noticed Josephine
 15593 | D:11     | Killed Josephine
 15601 | D:11     | Reached skill level 10 in Dodging
 16333 | D:12     | Noticed Nessos
 16334 | D:12     | Noticed temujin's ghost (journeyman DEFE)
 16346 | D:12     | Killed temujin's ghost
 16352 | D:12     | Killed Nessos
 16662 | D:12     | Noticed a two-headed ogre
 16671 | D:12     | Killed a two-headed ogre
 16999 | D:12     | Noticed Rupert
 17003 | D:12     | Killed Rupert
 17003 | D:12     | Reached skill level 17 in Stealth
 17374 | D:12     | Reached skill level 10 in Spellcasting
 17824 | D:12     | Reached ***** piety under Dithmenos
 17841 | D:12     | Found Feseishra's Assorted Antiques.
 17849 | D:12     | Bought a scroll labeled DISOUTSININ for 33 gold pieces
 17849 | D:12     | Bought a scroll of identify for 66 gold pieces
 18332 | D:12     | Found a glowing golden altar of the Shining One.
 18440 | D:13     | Noticed a centaur warrior
 18449 | D:13     | Killed a centaur warrior
 18449 | D:13     | Reached XP level 13. HP: 65/65 MP: 28/28
 19397 | D:14     | Found a gate to the Vaults.
 19579 | D:14     | Found a flagged portal.
 19590 | Bailey   | Entered a bailey
 19886 | Bailey   | Noticed temujin's ghost (novice DEFE)
 19894 | Bailey   | Killed temujin's ghost
 20316 | Bailey   | Identified a scroll of acquirement
 20319 | Bailey   | Got a scorched dagger
 20353 | Bailey   | Noticed dafubar's ghost (novice MiBe)
 20358 | Bailey   | Noticed an orc warlord
 20370 | Bailey   | Killed dafubar's ghost
 20404 | Bailey   | Killed an orc warlord
 20877 | D:14     | Noticed Roxanne
 20891 | D:14     | Killed Roxanne
 20891 | D:14     | Reached skill level 18 in Stealth
 20893 | D:14     | Identified Roxanne's Guide on Transmutation (You took it off Roxanne on level 14 of the Dungeon)
 20898 | D:14     | Learned a level 2 spell: Passwall
 21076 | D:14     | Reached ****** piety under Dithmenos
 21891 | Lair:1   | Entered Level 1 of the Lair of Beasts
 22056 | Lair:1   | Reached XP level 14. HP: 72/72 MP: 30/30
 22248 | Lair:1   | Reached skill level 10 in Short Blades
 24584 | Lair:3   | Found a staircase to the Snake Pit.
 24857 | Lair:3   | Found a staircase to the Shoals.
 25150 | Lair:4   | Reached skill level 15 in Hexes
 25150 | Lair:4   | Reached XP level 15. HP: 77/77 MP: 31/31
 26471 | Lair:5   | Found an ornate altar of the Wu Jian Council.
 26488 | Lair:5   | Noticed Kirke
 26956 | Lair:5   | Killed Kirke
 27426 | Lair:5   | Noticed Urug
 27429 | Lair:5   | Killed Urug
 27429 | Lair:5   | Reached skill level 19 in Stealth
 27567 | Lair:6   | Entered Level 6 of the Lair of Beasts
 27605 | Lair:6   | Noticed Jarno's ghost (journeyman MfSu)
 27638 | Lair:6   | Killed Jarno's ghost
 27726 | Lair:6   | Found a dark tunnel.
 27737 | Volcano  | Entered a volcano
 28296 | Lair:6   | Found a viscous altar of Jiyva.
 28297 | Lair:6   | Found a staircase to the Slime Pits.
 29066 | Lair:6   | Noticed WhatIsLove's ghost (journeyman DEFE)
 29086 | Lair:6   | Killed WhatIsLove's ghost
 30182 | Lair:6   | Reached XP level 16. HP: 75/82 MP: 29/33
 31336 | Orc:2    | Found Xofahia's Antique Weapon Shoppe.
 32967 | Orc:2    | Found Sylida's Book Shoppe.
 32987 | Orc:2    | Found Faongim's Antique Armour Shoppe.
 33060 | Orc:2    | Reached skill level 15 in Dodging
 33084 | Orc:2    | Bought a scroll of identify for 34 gold pieces
 34051 | Orc:2    | Bought a dazzling cloak for 247 gold pieces
 34061 | Orc:2    | Identified the cursed -1 cloak "Rimemoof" {*Corrode rElec Str+4} (You bought it in a shop on level 2 of the Orcish Mines)
 34068 | Orc:2    | Bought a glowing cloak for 195 gold pieces
 34157 | Orc:2    | Found a staircase to the Elven Halls.
 34472 | Orc:1    | Found a burning altar of Makhleb.
 34856 | Elf:1    | Entered Level 1 of the Elven Halls
 35367 | Elf:1    | Gained mutation: You have a somewhat thin skeletal structure. (Dex +2, Stealth) [potion of mutation]
 35367 | Elf:1    | Gained mutation: Your spells are a little easier to cast, but a little less powerful. [potion of mutation]
 35367 | Elf:1    | Gained mutation: Your spells are easier to cast, but less powerful. [potion of mutation]
 35367 | Elf:1    | Gained mutation: You have a pair of small horns on your head. [potion of mutation]
 35368 | Elf:1    | Lost mutation: Your spells are easier to cast, but less powerful. [potion of mutation]
 35368 | Elf:1    | Lost mutation: You have a pair of small horns on your head. [potion of mutation]
 35368 | Elf:1    | Lost mutation: Your spells are a little easier to cast, but a little less powerful. [potion of mutation]
 35368 | Elf:1    | Gained mutation: Your muscles are strong. (Str +2) [potion of mutation]
 35368 | Elf:1    | Gained mutation: You have a pair of small antennae on your head. [potion of mutation]
 35636 | Elf:1    | Reached skill level 20 in Stealth
 35932 | Elf:1    | Identified the Almanac of Dark Arts
 38136 | Elf:1    | Reached XP level 17. HP: 88/88 MP: 20/36
 38762 | D:15     | Entered Level 15 of the Dungeon
 38987 | D:15     | Found a staircase to the Depths.
 39489 | D:15     | Identified the +8 dagger of Ru's Pride {vamp, rElec rN+ Int+5} (You acquired it in a bailey)
 39783 | D:15     | Found a glowing golden altar of the Shining One.
 39858 | D:15     | Noticed Sonja
 39866 | D:15     | Killed Sonja
 40634 | Depths:1 | Entered Level 1 of the Depths
 40983 | Depths:1 | Reached skill level 10 in Fighting
 41016 | Depths:1 | Reached skill level 21 in Stealth
 41390 | Depths:1 | Reached skill level 15 in Spellcasting
 41896 | Depths:1 | Paralysed by a floating eye for 4 turns
 42474 | Depths:1 | Reached XP level 18. HP: 95/95 MP: 38/38
 42520 | Depths:1 | Found a gateway to Hell.
 43349 | Snake:1  | Entered Level 1 of the Snake Pit
 43586 | Snake:1  | Found Weng's Weapon Shop.
 43782 | Snake:1  | Found a frozen archway.
 43785 | Snake:1  | Noticed Azrael
 43814 | Snake:1  | Killed Azrael
 43857 | IceCv    | Entered an ice cave
 45513 | Snake:1  | Noticed Asterion
 45515 | Snake:1  | Killed Asterion
 46675 | Snake:2  | Reached skill level 22 in Stealth
 47401 | Snake:2  | Noticed Aizul
 47403 | Snake:2  | Killed Aizul
 48586 | Shoals:1 | Entered Level 1 of the Shoals
 48756 | Shoals:1 | Found a runed door.
 49251 | Shoals:1 | Reached XP level 19. HP: 100/100 MP: 40/40
 50168 | Shoals:1 | HP: 1/100 [kraken (35)]
 50169 | Shoals:1 | Mangled by a kraken

Vault maps used:
D:1:      elethiomel_arrival_quiet
D:2:      grunt_temple_overflow_order_and_chaos_2, grunt_qazlal_sundering,
          uniq_jessica
D:3:      lemuel_doored_altar, nicolae_overflow_hidden_temple,
          serial_bayou_pond_a
D:4:      chequers_temple_overflow_statue_of_worship, first_bread, uniq_edmund
D:5:      lemuel_crystal_altar, nicolae_overflow_crystal_walls,
          lightli_sewer_entry_pipes, minmay_misc_feat_iff, hangedman_ru_absence,
          uniq_ijyb
D:7:      minmay_temple_entry_statues_pillars, grunt_ogre_cave,
          uniq_crazy_yiuf_cottage, uniq_pikel
D:8:      minmay_lair_entry_lava, serial_shops, nicolae_shop_waterfront,
          uniq_psyche
D:9:      minmay_orc_entry_guard_dogs, uniq_maurice
D:11:     serial_shops, shop, lemuel_another_geyser, uniq_harold, uniq_grum,
          uniq_josephine
D:12:     basic_altar, serial_shops,
          nicolae_shop_temple_entry_statues_fountains, uniq_rupert, uniq_nessos
D:14:     david_vaults_4, minmay_stone_trees_small, enter_bailey_2, uniq_roxanne
D:15:     gammafunk_depths_entry_grave, basic_altar, uniq_sonja
Temple:   dshaligram_water_room_temple
Lair:1:   st_stairs_10, beast_lair_carwin_1, grunt_megastairs_5
Lair:3:   minmay_shoals_entry_lonely_mermaid, dummy_snake_entry
Lair:4:   lemuel_fruit_tree
Lair:5:   basic_altar, serial_bayou_pond_e, serial_bayou_shore_b,
          serial_bayou_shore_b, uniq_kirke, uniq_urug
Lair:6:   guppyfry_lair_end_dragon, slime_altar_1,
          nicolae_volcano_entry_two_sided
Shoals:1: lightli_airlock
Snake:1:  serial_shops, shop, portal_ice_cave_entry_ugly_swarm,
          grunt_ministairs_7, uniq_asterion, uniq_azrael
Snake:2:  uniq_aizul
Orc:1:    basic_altar
Orc:2:    grunt_orc_gardens, grunt_orc_garden, grunt_orc_garden,
          grunt_orc_garden, grunt_orc_garden, serial_shops, shop,
          minmay_orc_keep
Elf:1:    minmay_elf_necromancy, grunt_megastairs_1
Depths:1: grunt_hell_entry_dis_grunt, nrook_pool_corridor,
          kennysheep_generic_room_15, grunt_megastairs_2
Depths:2: minmay_connected_triangles_in_corner, hellmouth_1, chequers_big_river,
          hangedman_stitches_earthworm, infiniplex_staircase_diamond
Sewer:    sewer_co_15_rooms
Bailey:   bailey_axe_minmay_hex_keep, bailey
IceCv:    ice_cave_tombish
Volcano:  volcano_overflow

Skill      XL: |  1  2  3  4  5  6  7  8  9 10 11 12 13 14 15 16 17 18 |
---------------+-------------------------------------------------------+-----
Spellcasting   | 3 4 5 7 8 10 11 12 14 15 16 | 16.1
Hexes          | 4 5 6 7 8 12 13 15 16 17 18 | 18.3
Stealth        | 7 10 12 14 15 16 17 18 19 20 21 22 | 22.4
Fighting       | 1 3 4 5 6 7 8 9 10 11 | 11.1
Short Blades   | 2 4 6 7 8 9 10 11 12 13 14 | 14.0
Dodging        | 4 6 8 9 11 12 13 14 15 17 18 | 18.4

Action                   |  1- 3 |  4- 6 |  7- 9 | 10-12 | 13-15 | 16-18 | 19-21 || total
-------------------------+-------+-------+-------+-------+-------+-------+-------++-------
Melee: Dagger            |    69 |   143 |   208 |   414 |   686 |  1178 |    39 ||  2737
 Cast: Corona            |     7 |     4 |       |       |       |       |       ||    11
       Ensorcelled Hiber |    24 |    32 |    47 |    73 |    41 |    76 |     2 ||   295
       Tukima's Dance    |       |     7 |     2 |     7 |     2 |     7 |       ||    25
       Confuse           |       |     4 |    39 |    45 |    22 |    63 |     5 ||   178
       Dazzling Spray    |       |     2 |    10 |    18 |    18 |    84 |    23 ||   155
       Invisibility      |       |       |       |     7 |    20 |    32 |     3 ||    62
       Spectral Weapon   |       |       |       |       |     2 |     1 |     1 ||     4
Invok: Shadow Step       |       |       |       |     1 |     2 |     5 |       ||     8
  Use: Scroll            |     5 |     6 |     9 |     9 |    16 |    13 |       ||    58
       Potion            |       |       |     1 |     9 |     6 |    15 |     3 ||    34
 Stab: Sleeping          |    19 |    35 |    62 |    84 |   115 |   183 |     3 ||   501
       Confused          |       |     1 |    19 |    28 |    12 |    39 |     2 ||   101
       Invisible         |       |       |     2 |    42 |   111 |   144 |    11 ||   310
       Distracted        |       |       |       |     4 |     3 |    14 |       ||    21
  Eat: Royal jelly       |       |     2 |     4 |     2 |     3 |    13 |     2 ||    26
       Bread ration      |       |       |     1 |     1 |       |       |       ||     2
       Fruit             |       |       |       |       |    10 |     1 |       ||    11
Armor: Robe              |     6 |    12 |    18 |    13 |    16 |    31 |       ||    96
Dodge: Dodged            |    65 |   119 |   139 |   388 |   479 |   954 |    55 ||  2199
Block: Other             |       |       |       |       |       |    83 |     7 ||    90
       Reflection        |       |       |       |       |       |     2 |     1 ||     3
